 Dungeon Crawl Stone Soup version 0.30-a0-743-gbfdf073431 (webtiles) character file.

Game seed: 18008292193143900383

18148 Dirtsage the Covert (level 12, -14/94 HPs)
             Began as a Vampire Brigand on Feb 8, 2023.
             Was a High Priest of Dithmenos.
             Demolished by a komodo dragon (24 damage)
             ... on level 1 of the Lair of Beasts.
             The game lasted 00:54:22 (11351 turns).

Dirtsage the Covert (Vampire Brigand)              Turns: 11351, Time: 00:54:23

Health: -14/94     AC: 15    Str:  9    XL:     12   Next: 25%
Magic:  4/15       EV: 15    Int: 10    God:    Dithmenos [*****.]
Gold:   783        SH:  0    Dex: 28    Spells: 4/11 levels left

rFire   + . .      SeeInvis +    Z - +2 short sword (venom)
rCold   + . .      Faith    .    (no shield)
rNeg    + . .      Spirit   .    a - +2 robe {rC+}
rPois   +          Reflect  .    (no helmet)
rElec   .          Harm     .    U - +2 ratskin cloak {*Rats rPois rN+ Str-1 Int-1 Dex+1}
rCorr   .          Rampage  +    H - +0 pair of gloves
Will    +....                    b - +2 pair of boots {rampage}
Stlth   +++++++++                (no amulet)
HPRegen 0.55/turn                J - ring "Remeqic" {rPois rF+ Int-2 Dex+6}
MPRegen 0.14/turn                I - +4 ring of protection

@: about to teleport, healing quickly, wreathed by umbra
A: alive, fangs 3, see invisible, vampiric 2
a: Exsanguinate, Renounce Religion, Shadow Step, Shadow Form


You were on level 1 of the Lair of Beasts.
You worshipped Dithmenos.
Dithmenos was extremely pleased with you.
You visited 3 branches of the dungeon, and saw 13 of its levels.
You also visited: Sewer and Ossuary.

You collected 963 gold pieces.
You spent 180 gold pieces at shops.

Inventory:

Hand Weapons
 r - a +4 dagger
 K - a +0 scimitar
 M - a +3 short sword of freezing
 R - a +1 dagger of speed
 W - a +0 rapier
 Z - a +2 short sword of venom (weapon)
Missiles
 e - 2 curare-tipped darts
 x - 10 atropa-tipped darts
 z - 19 poisoned darts (quivered)
Armour
 a - a +2 robe of cold resistance (worn)
 b - a +2 pair of boots of rampaging (worn)
 n - a +0 leather armour
 p - +0 acid dragon scales
 u - a +0 kite shield
 H - a +0 pair of gloves (worn)
 U - the +2 ratskin cloak (worn) {*Rats rPois rN+ Str-1 Int-1 Dex+1}
   (You found it on level 6 of the Dungeon)

   *Rats:     When the wearer is hurt, rats may emerge from it to assist them.
   Str:       It affects your strength (-1).
   Int:       It affects your intelligence (-1).
   Dex:       It affects your dexterity (+1).
   rPois:     It protects you from poison.
   rN:        It protects you from negative energy.
Jewellery
 C - a ring of resist corrosion
 F - a ring of protection from fire
 I - a +4 ring of protection (right hand)
 J - the ring "Remeqic" (left hand) {rPois rF+ Int-2 Dex+6}
   (You acquired it on level 5 of the Dungeon)

   [ring of dexterity]

   Int:       It affects your intelligence (-2).
   Dex:       It affects your dexterity (+6).
   rF:        It protects you from fire.
   rPois:     It protects you from poison.
Wands
 c - a wand of flame (18)
 y - a wand of mindburst (21)
 D - a wand of digging (5)
 E - a wand of paralysis (10)
 Q - a wand of roots (16)
 T - a wand of polymorph (4)
Scrolls
 g - 2 scrolls of immolation
 j - 3 scrolls of amnesia
 o - 2 scrolls of fog
 s - 2 scrolls of summoning
 t - 5 scrolls of teleportation
 v - 2 scrolls of silence
 w - a scroll of enchant armour
 B - a scroll of enchant weapon
 G - 5 scrolls of poison
 L - 4 scrolls of vulnerability
 P - 2 scrolls of magic mapping
 X - a scroll of blinking {unknown}
Potions
 d - 2 potions of might
 f - 3 potions of lignification {unknown}
 h - 3 potions of haste
 i - a potion of resistance {unknown}
 k - 4 potions of flight
 l - 4 potions of heal wounds
 m - 4 potions of attraction
 q - 2 potions of curing
 A - 3 potions of brilliance
 N - a potion of cancellation {unknown}
 O - a potion of ambrosia {unknown}
 S - 2 potions of berserk rage {unknown}
 V - a potion of degeneration {unknown}
 Y - 2 potions of mutation


   Skills:
 + Level 8.9 Fighting
 - Level 9.0(10.6) Short Blades
 * Level 8.1(9.6) Long Blades
 - Level 1.5 Throwing
 + Level 4.1 Dodging
 + Level 11.5 Stealth
 - Level 5.9 Conjurations
 + Level 11.3 Hexes
 - Level 4.0 Invocations


You had 4 spell levels left.
You knew the following spells:

 Your Spells              Type           Power      Damage    Failure   Level
a - Tukima's Dance        Hex            22%        N/A       1%          3
b - Fulminant Prism       Conj/Hex       8%         3d7       11%         4

Your spell library contained the following spells:

 Spells                   Type           Power      Damage    Failure   Level
 Portal Projectile        Hex/Tloc       22%        N/A       12%         3
 Summon Guardian Golem    Hex/Summ       11%        N/A       12%         3
 Summon Small Mammal      Summ           0%         N/A       36%         1
 Call Canine Familiar     Summ           0%         N/A       75%         3
 Kindle Blastsparks       Fire/Tloc/Air  0%         2d10      75%         3
 Vhi's Electric Charge    Tloc/Air       0%         N/A       75%         3
 Iskenderun's Mystic Bla  Conj/Tloc      5%         2d3       75%         4
 Arcjolt                  Conj/Air       2%         1d12      97%         5
 Blade Hands              Tmut           0%         N/A       100%        5
 Lee's Rapid Deconstruct  Erth           0%         3d4*      100%        5
 Maxwell's Capacitive Co  Air            0%         ∞         100%        8


Dungeon Overview and Level Annotations

Branches:
Dungeon (11/15)            Temple (1/1) D:7            Lair (1/5) D:11
    Orc (0/2) D:9           Sewer (visited)         Ossuary (visited)

Altars:
Ashenzari
Cheibriados
Dithmenos
Hepliaklqana
Kikubaaqudgha
Qazlal
Ru
Sif Muna
Trog
Uskayaw
Wu Jian
Yredelemnul

Shops:
D:11 !


Innate Abilities, Weirdness & Mutations

Your natural rate of healing is accelerated.
You have razor-sharp teeth.
You have supernaturally acute eyesight. (SInv)
You are afflicted with vampirism and can become a bat while bloodless.


Message History

The yak is moderately wounded.
You hit the yak but do no damage.
The yak is moderately wounded.
The yak closely misses you.
You puncture the yak!
The yak is heavily wounded.
Your shadow barely misses the yak.
You hit the yak.
The yak is poisoned.
The yak is severely wounded.
The yak misses you.
You barely miss the yak.
The yak is severely wounded.
You hit the yak.
The yak looks even sicker.
The yak is severely wounded.
The yak gores you!
* * * LOW HITPOINT WARNING * * *
You take 13 damage, and have 8/94 hp.
You hit the yak.
The yak looks as sick as possible!
The yak is severely wounded.
You hit the yak.
The yak is almost dead.
Your shadow closely misses the yak.
The yak gores you.
* * * LOW HITPOINT WARNING * * *
You take 6 damage, and have 3/94 hp.
You hit the yak. You bite the yak, but do no damage.
The yak is almost dead.
You kill the yak!
Dithmenos accepts your kill.
You can now transform into a swirling mass of shadows.
Things that are here:
a yak corpse; a yak corpse A komodo dragon comes into view.
A komodo dragon comes into view.
As you read the scroll of teleportation, it crumbles to dust.
You feel strangely unstable.
The komodo dragon hisses angrily.
You hit the komodo dragon.
The komodo dragon is poisoned.
The komodo dragon is lightly wounded.
The komodo dragon bites you!!
You die...

##....# ..#
......#######...#
........†.......##
......†..........#
........†.......##
......##†###.....#
......#.........#
................##
......#........l@#
......#.........##
.............#..#
.....#....<.#l.#
.....#......#..#
...........#..#
....########..#
... ...# .. ...#


You could see 2 komodo dragons.

Vanquished Creatures
  Erolcha (D:10)
  3 two-headed ogres
  Sonja (D:10)
  Amaemon (D:8)
  An ugly thing (D:11)
  An unseen horror (D:10)
  The ghost of alexxx the Ducker, a novice FeSu of the Shining One (D:8)
  A gargoyle (D:10)
  Maggie (D:10)
  3 trolls
  Sigmund (D:3)
  3 wraiths
  A shadow (D:10)
  A wyvern (D:7)
  2 steam dragons
  34 yaks
  Menkaure (D:5)
  3 acid dragons
  2 floating eyes (D:10)
  6 water moccasins
  3 orc warriors
  A black bear (D:5)
  2 ice beasts (D:6)
  5 centaurs
  2 wolves (D:11)
  2 phantoms (D:9)
  A kobold brigand (D:9)
  2 bullfrogs
  2 gnoll sergeants
  2 necrophages
  4 scorpions
  5 wights
  3 troll zombies (D:9)
  14 killer bees
  6 howler monkeys
  2 electric eels
  A centaur zombie (Ossuary)
  7 hounds
  4 orc priests
  Jessica (D:3)
  6 iguanas
  Ijyb (D:3)
  13 orc wizards
  3 ogre zombies (D:9)
  2 mummies (Ossuary)
  14 adders
  14 gnolls
  A white imp (D:8)
  An ufetubus (D:6)
  A dart slug (D:1)
  32 orcs
  5 bats
  6 endoplasms
  4 giant cockroaches
  11 goblins
  9 hobgoblins
  11 kobolds
  5 ball pythons
  5 frilled lizards
  4 gnoll zombies (Ossuary)
  3 goblin skeletons (D:9)
  2 goblin zombies (D:9)
  2 hobgoblin skeletons (D:9)
  4 hobgoblin zombies
  3 orc skeletons (D:9)
  16 orc zombies
  4 rats
319 creatures vanquished.

Vanquished Creatures (collateral kills)
  An orange demon (D:8)
  An orc warrior (D:11)
  2 centaurs
  2 orc priests
  An orc wizard (D:10)
  An ogre zombie (D:9)
  A gnoll (D:2)
  8 orcs
  A goblin zombie (D:9)
  A hobgoblin skeleton (D:9)
  2 orc zombies (D:9)
21 creatures vanquished.

Vanquished Creatures (others)
  4 dancing weapons
  3 fulminant prisms (Lair:1)
  A fungus (Lair:1)
8 creatures vanquished.

Grand Total: 348 creatures vanquished

Notes
Turn   | Place    | Note
-------+----------+-------------------------------------------
     0 | D:1      | Dirtsage the Vampire Brigand began the quest for the Orb.
     0 | D:1      | Reached XP level 1. HP: 16/16 MP: 1/1
    69 | D:1      | Reached skill level 1 in Long Blades
   155 | D:1      | Reached XP level 2. HP: 19/22 MP: 2/2
   254 | D:1      | Found a faded altar of an unknown god.
   399 | D:1      | Gained mutation: You are afflicted with vampirism and can
                  | become a bat while bloodless. [Vampire growth]
   399 | D:1      | Reached XP level 3. HP: 10/27 MP: 3/3
  1132 | D:3      | Noticed Jessica
  1140 | D:3      | Killed Jessica
  1141 | D:3      | Reached skill level 1 in Hexes
  1141 | D:3      | Reached XP level 4. HP: 33/33 MP: 4/4
  1200 | D:3      | Noticed Sigmund
  1221 | D:3      | Killed Sigmund
  1222 | D:3      | Reached XP level 5. HP: 26/38 MP: 5/5
  1313 | D:3      | Found the +5 woodcutter's axe
  1317 | D:3      | Reached XP level 6. HP: 44/44 MP: 6/6
  1429 | D:3      | Reached skill level 5 in Long Blades
  1433 | D:3      | Learned a level 3 spell: Tukima's Dance
  1942 | D:3      | Noticed Ijyb
  1948 | D:3      | Killed Ijyb
  2271 | D:4      | Found a sand-covered staircase.
  2290 | Ossuary  | Entered an ossuary
  2399 | Ossuary  | Reached XP level 7. HP: 41/49 MP: 7/7
  2976 | D:4      | Found a hazy altar of Hepliaklqana.
  2976 | D:4      | Found a bloodstained altar of Trog.
  2976 | D:4      | Found a hide-covered altar of Uskayaw.
  2976 | D:4      | Found a shimmering blue altar of Sif Muna.
  2977 | D:4      | Found an ancient bone altar of Kikubaaqudgha.
  2977 | D:4      | Found a shadowy altar of Dithmenos.
  2978 | D:4      | Found a basalt altar of Yredelemnul.
  2978 | D:4      | Found a snail-covered altar of Cheibriados.
  2978 | D:4      | Found a stormy altar of Qazlal.
  2989 | D:4      | Became a worshipper of Dithmenos the Shadowed
  3026 | D:5      | Entered Level 5 of the Dungeon
  3105 | D:5      | Reached skill level 5 in Hexes
  3168 | D:5      | Noticed Menkaure
  3198 | D:5      | Reached skill level 1 in Invocations
  3299 | D:5      | Killed Menkaure
  3454 | D:5      | Reached XP level 8. HP: 11/51 MP: 1/9
  3478 | D:5      | Found a glowing drain.
  3516 | Sewer    | Entered a sewer
  4165 | D:5      | Reached skill level 5 in Short Blades
  4332 | D:5      | Reached * piety under Dithmenos
  4528 | D:5      | Identified a scroll of acquirement
  4529 | D:5      | Acquired the ring "Remeqic" {rPois rF+ Int-2 Dex+6}
  4973 | D:6      | Reached XP level 9. HP: 47/63 MP: 11/11
  5051 | D:6      | Found the +2 ratskin cloak {*Rats rPois rN+ Str-1 Int-1
                  | Dex+1}
  5580 | D:7      | Found a staircase to the Ecumenical Temple.
  5630 | Temple   | Entered the Ecumenical Temple
  5839 | D:7      | Reached ** piety under Dithmenos
  6158 | D:8      | Reached skill level 10 in Stealth
  6267 | D:8      | Found a runed translucent door.
  6267 | D:8      | Noticed alexxx's ghost (novice FeSu)
  6310 | D:8      | Reached skill level 1 in Conjurations
  6493 | D:8      | Reached XP level 10. HP: 59/73 MP: 13/13
  6598 | D:8      | Noticed Amaemon
  6605 | D:8      | Noticed an orange demon
  6608 | D:8      | Killed Amaemon
  6619 | D:8      | Killed an orange demon
  6624 | D:8      | Reached skill level 5 in Fighting
  7357 | D:8      | Killed alexxx's ghost
  7409 | D:9      | Identified the +4 shortbow "Hydra's Curse" {drain, Int+2}
  7472 | D:9      | Reached skill level 10 in Hexes
  7692 | D:9      | You fall into a shaft and drop 2 floors!
  7712 | D:11     | Noticed a brown ugly thing
  7759 | D:10     | Entered Level 10 of the Dungeon
  7934 | D:10     | Reached *** piety under Dithmenos
  8050 | D:10     | Reached XP level 11. HP: 83/83 MP: 14/14
  8058 | D:10     | Noticed Erolcha
  8066 | D:10     | Killed Erolcha
  8102 | D:10     | Reached skill level 5 in Conjurations
  8172 | D:10     | Noticed Sonja
  8176 | D:10     | Killed Sonja
  8218 | D:10     | Paralysed by a floating eye for 2 turns
  8228 | D:10     | Noticed a two-headed ogre
  8239 | D:10     | Paralysed by a floating eye for 4 turns
  8250 | D:10     | Paralysed by a floating eye for 2 turns
  8256 | D:10     | Paralysed by a floating eye for 2 turns
  8407 | D:9      | Noticed a two-headed ogre
  8416 | D:9      | Killed a two-headed ogre
  8754 | D:9      | Found a staircase to the Orcish Mines.
  9057 | D:9      | Reached **** piety under Dithmenos
  9570 | D:10     | Paralysed by a floating eye for 2 turns
  9574 | D:10     | Paralysed by a floating eye for 2 turns
  9714 | D:10     | Killed a two-headed ogre
  9984 | D:10     | Learned a level 4 spell: Fulminant Prism
 10030 | D:10     | Noticed Maggie
 10042 | D:10     | Killed Maggie
 10359 | D:11     | Noticed a cyan ugly thing
 10375 | D:11     | Killed a cyan ugly thing
 10515 | D:11     | Found an ornate altar of the Wu Jian Council.
 10592 | D:11     | Found Baririsu's Distillery.
 10600 | D:11     | Bought a potion of mutation for 80 gold pieces
 10600 | D:11     | Bought a potion of haste for 100 gold pieces
 10658 | D:11     | Found a staircase to the Lair.
 10700 | D:11     | Reached XP level 12. HP: 84/94 MP: 15/15
 10717 | D:11     | Reached ***** piety under Dithmenos
 10948 | D:11     | Noticed a two-headed ogre
 10956 | D:11     | Killed a two-headed ogre
 11235 | Lair:1   | Entered Level 1 of the Lair of Beasts
 11337 | Lair:1   | HP: 3/94 [yak (6)]
 11351 | Lair:1   | Demolished by a komodo dragon

Illustrated notes

Levels and vault maps discovered:
D:1:      dpeg_arrival_stonehenge_12_columns, layout_basic,
          ebering_ecumenical_altar_abandoned, minivault_11, fountainhead
D:2:      layout_basic
D:3:      layout_loops_ring, pf_guarded_unrand_woodcutter, uniq_ijyb,
          uniq_jessica, uniq_sigmund
D:4:      layout_rooms, nicolae_overflows_in_rows,
          nicolae_ossuary_entry_monument
D:5:      layout_cave_pods, portal_sewer_entry_d, dk_vineyard_3, uniq_menkaure
D:6:      layout_basic
D:7:      layout_rooms, temple_doors_e
D:8:      layout_basic, nicolae_tso_carved_into_rock, gammafunk_ghost_grave,
          kennysheep_small_spiral, uniq_amaemon
D:9:      layout_loops_ring, zombieorc2_lemuel, lightli_bailey_entry_fortress
D:10:     layout_basic, hangedman_abyss_or_decor_passed, onia_ninara_cookie,
          uniq_maggie, uniq_sonja, uniq_erolcha
D:11:     layout_loops_ring, erik_lair_island, serial_shops, shop,
          nicolae_wu_jian_wuxing_cycle
Temple:   nicolae_temple_bog_church
Lair:1:   layout_regular_city, grunt_megastairs_5

Skill      XL: |  1  2  3  4  5  6  7  8  9 10 11 12 |
---------------+-------------------------------------+-----
Long Blades    | 1 2 3 4 5 7 8 |  8.1
Stealth        | 6 7 9 10 11 | 11.5
Hexes          | 1 3 4 5 7 8 10 11 | 11.3
Short Blades   | 4 6 8 9 |  9.0
Invocations    | 2 3 4 |  4.0
Fighting       | 3 4 6 8 |  8.9
Conjurations   | 1 4 5 |  5.9
Dodging        | 3 4 |  4.1
Throwing       | |  1.5

Action                     |  1- 3 |  4- 6 |  7- 9 | 10-12 || total
---------------------------+-------+-------+-------+-------++-------
  Melee: Dagger            |    91 |   150 |   319 |   435 ||   995
         Bite              |     6 |    24 |    46 |   191 ||   267
         Punch             |       |     1 |     9 |    16 ||    26
         Short sword       |       |       |   112 |   527 ||   639
  Throw: Dart              |     2 |     2 |     6 |     8 ||    18
   Cast: Tukima's Dance    |       |     3 |    19 |     8 ||    30
         Fulminant Prism   |       |       |       |     3 ||     3
 Invoke: Shadow Step       |       |       |       |     3 ||     3
  Evoke: Wand              |       |       |     4 |       ||     4
    Use: Potion            |       |     2 |     1 |     1 ||     4
         Scroll            |       |       |    11 |     8 ||    19
   Stab: Sleeping          |    10 |     9 |    22 |    29 ||    70
         Paralysed         |       |       |     2 |       ||     2
         Confused          |       |       |     1 |       ||     1
         Invisible         |       |       |     1 |     5 ||     6
         Distracted        |       |       |       |     9 ||     9
 Armour: Robe              |    15 |    36 |   108 |   156 ||   315
         Leather armour    |     8 |     4 |       |       ||    12
  Dodge: Dodged            |    40 |    72 |   201 |   303 ||   616

Table legend: (Time is in decaauts)
 A = Elapsed time spent in this place.
 B = Non-inter-level travel time spent in this place.
 C = Inter-level travel time spent in this place.
 D = Time resting spent in this place.
 E = Time spent auto-exploring this place.
 F = Levels seen in this place.
 G = Mean time per level.
                   A        B        C        D        E       F      G
               +--------+--------+--------+--------+--------+-----+--------+
         Total |  10695 |  10341 |    354 |    246 |   7394 |  15 |  713.0 |
       Dungeon |  10007 |   9654 |    353 |    195 |   7056 |  11 |  909.7 |
        Temple |      1 |      1 |      0 |      0 |      0 |   1 |    1.0 |
          Lair |     75 |     75 |      0 |      0 |      1 |   1 |   75.0 |
         Sewer |    432 |    432 |      0 |     24 |    287 |   1 |  432.0 |
       Ossuary |    177 |    177 |      0 |     27 |     50 |   1 |  177.0 |
               +--------+--------+--------+--------+--------+-----+--------+

Top non-repeatable levels by time:
    D:10: 1353 daAuts
     D:8: 1226 daAuts
     D:5: 1143 daAuts
     D:9: 1123 daAuts
    D:11: 896 daAuts
     D:6: 875 daAuts
     D:3: 774 daAuts
     D:2: 743 daAuts
     D:1: 693 daAuts
     D:7: 597 daAuts
     D:4: 580 daAuts
   Sewer: 432 daAuts
 Ossuary: 177 daAuts
  Lair:1: 75 daAuts
  Temple: 1 daAuts
